 Dungeon Crawl Stone Soup version 0.16.0-17-g811c1d7 (webtiles) character file.

137 maniek23 the Sneak (level 5, -3/36 HPs)
             Began as a Vampire Enchanter on Mar 21, 2015.
             Slain by valak23's ghost (4 damage)
             ... on level 3 of the Dungeon.
             The game lasted 00:07:08 (2290 turns).

maniek23 the Sneak (Vampire Enchanter)              Turns: 2290, Time: 00:07:08

Health: -3/36      AC:  4    Str:  8    XL:     5   Next: 0%
Magic:  2/9        EV: 13    Int: 17    God:
Gold:   159        SH:  0    Dex: 14    Spells: 3 memorised, 2 levels left

rFire  . . .     SeeInvis +     a - +1 dagger
rCold  . . .     Clarity  .     l - +1 animal skin
rNeg   + . .     SustAb   .     (no shield)
rPois  .         Gourm    .     m - +0 helmet
rElec  .         Spirit   .     (no cloak)
rCorr  .         Warding  .     (no gloves)
rMut   .         Stasis   .     (no boots)
MR     .....                    (no amulet)
Stlth  ++++......               (no ring)
                                (no ring)

@: not resistant to hostile enchantments, stealthy
A: bottle blood, fangs 3, see invisible, unbreathing
a: Bat Form


You were on level 3 of the Dungeon.
You were not thirsty.

You visited 1 branch of the dungeon, and saw 3 of its levels.

You collected 159 gold pieces.

Inventory:

Hand weapons
 a - a +1 dagger (weapon)
Armour
 b - a +1 robe
 l - a +1 animal skin (worn)
 m - a +0 helmet (worn)
Jewellery
 p - an uncursed amulet of clarity {unknown}
Scrolls
 e - 2 scrolls of remove curse {unknown}
 h - 3 scrolls of identify {unknown}
 k - a scroll of enchant weapon {unknown}
 n - 2 scrolls of teleportation {unknown}
 o - a scroll of magic mapping {unknown}
Potions
 d - 12 potions of blood
 f - a potion of haste {unknown}
 g - 2 potions of curing {unknown}
 i - a potion of heal wounds {unknown}
 j - a potion of mutation {unknown}
Books
 c - a book of Maledictions

   Spells                             Type                      Level
   a - Corona                         Hexes                        1
   b - Sure Blade                     Hexes/Charms                 2
   c - Ensorcelled Hibernation        Hexes/Ice                    2
   d - Confuse                        Hexes                        3
   e - Dazzling Spray                 Conjuration/Hexes            3
   f - Enslavement                    Hexes                        4


   Skills:
 + Level 0.6 Fighting
 + Level 2.0 Short Blades
 + Level 3.4 Dodging
 + Level 6.4 Stealth
 + Level 2.1 Spellcasting
 + Level 5.2 Hexes


You had 2 spell levels left.
You knew the following spells:

 Your Spells              Type           Power        Failure   Level  Hunger
a - Corona                Hex            ###....      2%          1    #......
b - Ensorcelled Hibernat  Hex/Ice        ##....       12%         2    ###....
c - Confuse               Hex            ###.....     10%         3    ###....


Dungeon Overview and Level Annotations

Branches:
Dungeon (3/15)

Altars:

Annotations:
D:3 valak23's ghost, average DrFi


Innate Abilities, Weirdness & Mutations

You can bottle blood from corpses.
You have razor-sharp teeth.
You have supernaturally acute eyesight.
You can survive without breathing.


Message History

Aiming: Confuse
Press: ? - help, Shift-Dir - straight line, f/p - valak23's ghost
Aim: valak23's ghost (heavily damaged, chance 37%) Valak23's ghost resists with some effort.
Valak23's ghost hits you!
Casting: Confuse
Confirm with . or Enter, or press ? or * to list all spells.
Aiming: Confuse
Press: ? - help, Shift-Dir - straight line, f/p - valak23's ghost
Aim: valak23's ghost (heavily damaged, chance 37%) Valak23's ghost resists with some effort.
Valak23's ghost hits you.
You closely miss valak23's ghost.
Valak23's ghost is heavily damaged.
Valak23's ghost hits you!
* * * LOW HITPOINT WARNING * * *
You hit valak23's ghost but do no damage.
Valak23's ghost is heavily damaged.
Valak23's ghost hits you.
You die...

...(.#...#..........#
###...#....#.#.#.#.# #..
............. ##.
....#.#.#.#.. ##..
.............
#######..###....#.#.#.#..
..............#..........
#.....W......####......
.###.....@......# #......
................# #......
.###..?.........####......
.###............>....#####
................!..###
..##.......)....##.#
#####......†.##.#
#........##..
#............#


You could see valak23's ghost.

Vanquished Creatures
  Jessica (D:2)
  Terence (D:2)
  Robin (D:2)
  An adder (D:3)
  A giant mite (D:1)
  2 worms (D:2)
  2 giant geckos
  An orc (D:3)
  3 ball pythons
  3 bats
  4 giant cockroaches (D:2)
  9 hobgoblins
  A quokka (D:2)
  A giant gecko skeleton (D:3)
  6 giant newts
  12 goblins
  8 kobolds
  9 rats
66 creatures vanquished.

Notes
Turn   | Place    | Note
--------------------------------------------------------------
     0 | D:1      | maniek23, the Vampire Enchanter, began the quest for the Orb.
     0 | D:1      | Reached XP level 1. HP: 13/13 MP: 3/3
   289 | D:1      | Reached XP level 2. HP: 14/19 MP: 4/4
   307 | D:1      | Learned a level 2 spell: Ensorcelled Hibernation
   875 | D:1      | Reached skill level 5 in Hexes
  1012 | D:2      | Noticed Terence
  1014 | D:2      | Killed Terence
  1014 | D:2      | Reached skill level 5 in Stealth
  1014 | D:2      | Reached XP level 3. HP: 25/25 MP: 6/6
  1373 | D:2      | Noticed Jessica
  1377 | D:2      | Killed Jessica
  1377 | D:2      | Reached XP level 4. HP: 31/31 MP: 7/7
  1726 | D:2      | Noticed Robin
  1728 | D:2      | Reached skill level 6 in Stealth
  1786 | D:2      | Killed Robin
  2122 | D:3      | Noticed valak23's ghost (average DrFi)
  2134 | D:3      | Learned a level 3 spell: Confuse
  2263 | D:3      | Reached XP level 5. HP: 27/36 MP: 9/9
  2289 | D:3      | HP: 1/36 [valak23's ghost (14)]
  2290 | D:3      | Slain by valak23's ghost

Action                   |  1- 3 |  4- 6 || total
-------------------------+-------+-------++-------
Melee: Dagger            |    79 |   117 ||   196
 Cast: Ensorcelled Hiber |     1 |     4 ||     5
       Confuse           |       |     3 ||     3
 Stab: Sleeping          |    12 |     5 ||    17
       Distracted        |       |     2 ||     2
       Confused          |       |     1 ||     1
  Eat: Corpse            |     2 |     3 ||     5
